 Dungeon Crawl Stone Soup version 0.25-a0-448-g1f46b9f (webtiles) character file.

Game seed: 16673493945607191904, levelgen mode: deterministic

80223 DrEnzyme the Basher (level 15, -4/95 HPs)
             Began as a Tengu Wanderer on Jan 29, 2020.
             Was the Champion of Okawaru.
             Engulfed by a cloud of flame (10 damage)
             ... on level 3 of the Swamp on Jan 31, 2020.
             The game lasted 01:32:26 (36223 turns).

DrEnzyme the Basher (Tengu Wanderer)               Turns: 36223, Time: 01:32:27

Health: -4/95      AC: 22    Str: 23    XL:     15   Next: 66%
Magic:  19/19      EV: 32    Int: 15    God:    Okawaru [******]
Gold:   645        SH:  0    Dex: 14    Spells: 15/18 levels left

rFire    . . .     SeeInvis .   b - +4 broad axe (elec)
rCold    + . .     Gourm    .   j - +0 buckler
rNeg     . . .     Faith    .   V - +3 chain mail {rC+}
rPois    .         Spirit   .   (helmet restricted)
rElec    .         Reflect  .   P - +2 cloak {+Inv}
rCorr    .         Harm     .   F - +2 pair of gloves {Str+3}
MR       ++...                  (boots unavailable)
Stlth    ..........             T - amulet of the acrobat
HPRegen  0.25/turn              q - ring of protection from magic
MPRegen  0.16/turn              J - +4 ring of strength

@: confused, acrobat, flying quickly and evasively, very slightly contaminated,
hasted, lightly drained, invisible, very quick
A: beak, talons 3, able to fly
a: Stop Flying, Heroism, Finesse, Renounce Religion


You were on level 3 of the Swamp.
You worshipped Okawaru.
Okawaru was exalted by your worship.
You were not hungry.

You visited 4 branches of the dungeon, and saw 22 of its levels.
You visited 1 bazaar.
You also visited: Sewer and Ossuary.

You collected 2296 gold pieces.
You spent 1651 gold pieces at shops.

Inventory:

Hand Weapons
 a - the +8 whip "Snakebite" {curare, rPois}
   (You found it on level 1 of the Lair of Beasts)

   It poisons the flesh of those it strikes.
   It protects you from poison.
 b - a +4 broad axe of electrocution (weapon)
 w - the +2 flail of Objectivity {venom, rElec rF+ rC+ Stlth+}
   (Okawaru gifted it to you on level 2 of the Orcish Mines)

   It poisons the flesh of those it strikes.
   It protects you from fire.
   It protects you from cold.
   It insulates you from electricity.
   It makes you more stealthy.
 I - the +1 great mace "Menat" {vorpal, rN+ Stlth+}
   (You took it off an orc wizard on level 8 of the Dungeon)

   It inflicts extra damage upon your enemies.
   It protects you from negative energy.
   It makes you more stealthy.
 X - a +2 vampiric broad axe
Missiles
 D - 9 curare-tipped darts (quivered)
 H - 202 arrows
Armour
 j - a +0 buckler (worn)
 z - the +3 ring mail of Uhoczut {rElec rPois rC- Dex+2}
   (You found it on level 5 of the Lair of Beasts)

   It affects your dexterity (+2).
   It makes you vulnerable to cold.
   It insulates you from electricity.
   It protects you from poison.
   If you switch to wearing this armour, your AC will fall 5 points (22 -> 17)
 F - a +2 pair of gloves of strength (worn)
 G - the +0 plate armour "Deatt" {rElec Dex+2}
   (Okawaru gifted it to you on level 2 of the Lair of Beasts)

   It affects your dexterity (+2).
   It insulates you from electricity.
   If you switch to wearing this armour, your AC will rise 0 points (22 -> 22)
 P - a +2 cloak of invisibility (worn)
 Q - a +2 ring mail of cold resistance
 V - a +3 chain mail of cold resistance (worn)
Jewellery
 q - a ring of protection from magic (left hand)
 J - a +4 ring of strength (right hand)
 M - an uncursed ring of resist corrosion
 N - an uncursed ring of wizardry
 T - an amulet of the acrobat (around neck)
 W - an uncursed amulet of rage
Wands
 t - a wand of acid (14)
 y - a wand of random effects (14)
 O - a wand of digging (3)
 R - a wand of flame (31)
 S - a wand of disintegration (39)
Scrolls
 c - 3 scrolls of fog
 g - 2 scrolls of magic mapping
 h - 7 scrolls of teleportation
 i - a scroll of identify
 k - 3 scrolls of blinking
 n - 7 scrolls of remove curse
 s - 8 scrolls of amnesia
 x - 3 scrolls of fear
 B - a scroll of silence
 K - a scroll of holy word
Potions
 d - 2 potions of agility
 e - 4 potions of resistance
 l - 2 potions of lignification
 m - a potion of haste
 o - a potion of ambrosia
 p - 3 potions of mutation
 r - a potion of magic
 u - a potion of might
 v - 3 potions of curing
 A - 3 potions of invisibility
 C - 4 potions of brilliance
 E - 3 potions of berserk rage
 L - 4 potions of cancellation
Miscellaneous
 U - a lamp of fire (inert)
Comestibles
 f - 28 rations


   Skills:
 + Level 11.6(11.5) Fighting
 + Level 11.8(14.1) Axes
 + Level 13.3(14.8) Maces & Flails
 + Level 11.6(11.5) Armour
 + Level 11.3(11.2) Dodging
 + Level 9.6(9.5) Shields
 - Level 2.2(2.1) Spellcasting
   Level 1.2(1.1) Summonings
 - Level 5.0 Invocations
 - Level 5.0 Evocations


You had 15 spell levels left.
You knew the following spells:

 Your Spells              Type           Power        Failure   Level  Hunger
a - Sticks to Snakes      Tmut           #.......     86%         2    ###....
b - Animate Skeleton      Necr           N/A          75%         1    #......

Your spell library contained the following spells:

 Spells                   Type           Power        Failure   Level  Hunger
 Foxfire                  Conj/Fire      #...         75%         1    #......
 Freeze                   Ice            #...         75%         1    #......
 Pain                     Necr           #...         75%         1    #......
 Passwall                 Tmut/Erth      #.......     86%         2    ###....
 Poisonous Vapours        Pois/Air       #.....       86%         2    ###....
 Conjure Flame            Conj/Fire      #.......     98%         3    ###....
 Inner Flame              Hex/Fire       #.......     98%         3    ###....
 Mephitic Cloud           Conj/Pois/Air  #.......     98%         3    ###....
 Ozocubu's Armour         Chrm/Ice       #.......     98%         3    ###....
 Static Discharge         Conj/Air       #.......     98%         3    ###....
 Vampiric Draining        Necr           #.........   98%         3    ###....
 Animate Dead             Necr           N/A          100%        4    #####..
 Hailstorm                Conj/Ice       #.......     100%        4    #####..
 Sticky Flame             Conj/Fire      #.......     100%        4    #####..
 Summon Ice Beast         Ice/Summ       #.......     100%        4    #####..
 Agony                    Necr           #.......     100%        5    ######.
 Fireball                 Conj/Fire      #.........   100%        5    ######.
 Lightning Bolt           Conj/Air       #.........   100%        5    ######.
 Freezing Cloud           Conj/Ice/Air   #.........   100%        6    #######
 Ring of Flames           Chrm/Fire      #.........   100%        7    #######
 Ignition                 Fire           #.........   100%        8    #######
 Shatter                  Erth           #.........   100%        9    #######
 Tornado                  Air            #.........   100%        9    #######


Dungeon Overview and Level Annotations

Branches:
Dungeon (11/15)            Temple (0/1) D:7            Lair (6/6) D:11
  Swamp (3/4) Lair:2        Snake (0/4) Lair:4        Slime (0/5) Lair:6
    Orc (2/2) D:9             Elf (0/3) Orc:2         Sewer (visited)
Ossuary (visited)

Altars:
Elyvilon
Gozag
Kikubaaqudgha
Okawaru
Qazlal
Ru
Trog
Beogh

Shops:
D:5 (   Orc:1 ?   Orc:2 [!![

Annotations:
Lair:2 3 runed translucent doors, exclusion: 3 doors, Huduibb's ghost, journeyman MiFi
Lair:5 exclusions: downstairs and 2 oklob plants


Innate Abilities, Weirdness & Mutations

You have a beak for a mouth.
You have claws for feet.
You can fly continuously.


Message History

You feel better.
The spriggan rider hits you from afar with a cursed +0 spear!
The spriggan rider hits you with a cursed +0 spear!
* * * LOW HITPOINT WARNING * * *
Blink to where?
Press: ? - help, Dir - move target cursor You are very lightly contaminated with residual magic.
As you read the scroll of blinking, it crumbles to dust.
You fade into invisibility!
You feel yourself speed up.
Evoke which item? (* to show all) (? for menu, Esc to quit)
Aim the lamp in which direction?
Press: ? - help, Dir - move target cursor, f - spriggan rider
Aim: a spriggan rider, wielding a +0 spear (water)
The flames dance!
You are confused.
You feel invigorated.
The spriggan rider hits you from afar with a cursed +0 spear!
* * * LOW HITPOINT WARNING * * *
You die...

.≈≈≈.....≈≈≈♣♣♣♣ ♣♣≈≈≈≈i.○≈.♣
...≈≈≈.≈≈≈≈≈♣♣ ♣≈.≈≈≈♣♣§♣≈♣♣
...≈≈≈≈≈≈≈§.≈♣♣♣ ♣...†♣♣♣.≈≈.♣
♣♣.≈≈≈≈≈≈≈≈≈..≈♣♣♣♣...≈♣♣.♣♣♣♣
...≈≈≈≈≈≈≈§≈≈...♣♣≈....♣♣♣≈.♣
≈≈§≈≈≈≈≈≈≈.≈≈≈≈.≈♣.≈≈≈.♣♣≈≈.♣
≈≈.♣♣♣.≈♣...§§♣♣♣♣i≈≈≈.♣.≈.♣♣
≈≈.♣♣♣.♣♣≈≈§≈§§§.i§≈≈≈≈♣.≈♣♣
≈≈≈.÷...≈≈≈≈≈≈§≈@§≈≈≈.♣♣♣≈♣
...≈≈≈.≈≈≈≈≈≈≈..§§§§..♣♣♣§♣
≈≈≈≈≈≈..≈≈≈≈≈≈.≈♣.§§≈≈.♣♣♣♣
≈≈≈....≈≈≈.≈≈.♣♣♣≈≈≈≈.♣♣
≈≈≈≈.≈.≈≈≈....≈♣♣♣...♣♣
≈≈≈≈..≈≈≈≈..≈≈≈♣♣♣♣≈≈♣♣♣♣
≈≈≈........≈≈≈≈≈♣♣.≈.≈♣.♣
≈≈.>..♣♣♣♣.≈≈≈[≈≈.≈≈≈♣≈.♣♣♣
≈≈≈...♣ ♣♣...≈≈..≈≈.≈.≈≈.≈


You could see 2 spriggan riders.

Vanquished Creatures
  Frances (Swamp:2)
  2 thorn hunters
  Aizul (Swamp:3)
  Nessos (Lair:5)
  9 hydras
  2 ghost crabs
  A merfolk avatar (Lair:6)
  9 two-headed ogres
  A shambling mangrove (Swamp:1)
  7 alligators
  2 ogre magi (Orc:2)
  Urug (Lair:5)
  Sonja (Lair:2)
  2 deep trolls
  A swamp dragon (Swamp:3)
  A sea snake (Lair:6)
  A necromancer (Lair:5)
  2 cyclopes (Orc:2)
  2 harpies (Lair:6)
  4 elephants (Lair:6)
  A manticore (Lair:6)
  A black mamba (Lair:1)
  A torpor snail (Lair:2)
  3 rime drakes
  19 spiny frogs
  12 komodo dragons
  10 trolls
  Grinder (D:3)
  3 polar bears (Lair:6)
  2 bog bodies (Swamp:3)
  8 hornets
  7 blink frogs
  7 tyrant leeches
  14 slime creatures
  16 dream sheep
  3 hippogriffs
  2 wyverns
  28 yaks
  A hungry ghost (D:7)
  4 basilisks
  Menkaure (D:6)
  A naga (Lair:4)
  6 insubstantial wisps (Swamp:2)
  8 swamp worms
  16 vampire mosquitoes
  2 wargs
  18 water moccasins
  5 porcupines
  13 orc warriors
  A swamp drake (Swamp:3)
  6 ice beasts
  A sky beast (D:9)
  33 ogres
  2 black bears
  2 elephant zombies (Lair:5)
  4 centaurs
  13 crocodiles
  10 wolves
  A komodo dragon zombie (Lair:5)
  A big kobold (D:7)
  13 bullfrogs
  4 killer bees
  2 scorpions
  8 wights
  2 electric eels (Lair:5)
  6 howler monkeys
  3 centaur zombies
  4 crimson imps
  2 quasits (D:8)
  2 jellies (Lair:6)
  A basilisk zombie (Lair:5)
  12 orc priests
  A gnoll shaman (D:4)
  4 hounds
  3 iguanas
  14 orc wizards
  4 bullfrog skeletons
  A centaur skeleton (D:5)
  9 worker ants
  Ijyb (D:4)
  Natasha (thrice) (D:2)
  A big kobold zombie (Ossuary)
  A hound zombie (D:6)
  A hound skeleton (D:10)
  A worker ant zombie (D:9)
  2 howler monkey zombies
  4 mummies
  A howler monkey skeleton (D:5)
  4 gnolls (D:4)
  13 adders
  3 shadow imps
  3 oozes (Sewer)
  An adder zombie (D:8)
  3 worms
  2 dart slugs
  12 leopard geckos
  59 orcs
  3 ball pythons
  16 bats
  21 giant cockroaches
  A gnoll zombie (Ossuary)
  7 goblins
  9 hobgoblins
  12 jackals
  8 quokkas
  2 frilled lizards (D:4)
  A goblin zombie (Ossuary)
  A hobgoblin zombie (Ossuary)
  A jackal skeleton (D:4)
  7 kobolds
  A kobold zombie (Ossuary)
  A leopard gecko skeleton (D:5)
  A leopard gecko zombie (D:6)
  2 orc zombies (Ossuary)
  A quokka skeleton (D:6)
  8 rats
  A fungus (Lair:5)
  2 plants
654 creatures vanquished.

Vanquished Creatures (collateral kills)
  2 blink frogs (Lair:1)
  A crocodile (Lair:1)
  A wight (D:9)
  2 howler monkeys (D:9)
  An orc priest (D:9)
  A shadow imp (D:9)
  2 orcs (D:9)
10 creatures vanquished.

Vanquished Creatures (others)
  A hornet (Swamp:3)
  A swamp worm (Swamp:2)
  2 wights (D:9)
  A giant cockroach (D:7)
  A quokka (D:3)
  4 briar patches
  11 fungi
  17 plants
38 creatures vanquished.

Grand Total: 702 creatures vanquished

Notes
Turn   | Place    | Note
-------+----------+-------------------------------------------
     0 | D:1      | DrEnzyme the Tengu Wanderer began the quest for the Orb.
     0 | D:1      | DrEnzyme set off with the following items: a +2 mace, a +0
                  | ring mail, a ration; and the following spells available to
                  | memorise: Passwall, Sticks to Snakes
     0 | D:1      | Reached XP level 1. HP: 12/12 MP: 4/4
   205 | D:1      | Reached XP level 2. HP: 5/16 MP: 6/6
   746 | D:1      | Reached skill level 3 in Maces & Flails
   916 | D:1      | Reached XP level 3. HP: 20/20 MP: 7/7
  1238 | D:2      | Found a stormy altar of Qazlal.
  1542 | D:2      | Reached XP level 4. HP: 25/25 MP: 8/8
  1628 | D:2      | Found an opulent altar of Gozag.
  1823 | D:2      | Reached skill level 4 in Maces & Flails
  1941 | D:3      | Noticed Natasha
  1959 | D:2      | Killed Natasha
  1959 | D:2      | Reached skill level 1 in Dodging
  1959 | D:2      | Gained mutation: You can fly continuously. [Tengu growth]
  1959 | D:2      | Reached XP level 5. HP: 17/29 MP: 9/9
  2106 | D:3      | Noticed an ice beast
  2375 | D:3      | Killed an ice beast
  2375 | D:3      | Reached skill level 5 in Maces & Flails
  2375 | D:3      | Reached XP level 6. HP: 21/35 MP: 10/10
  2833 | D:2      | Found a stormy altar of Qazlal.
  2901 | D:2      | Noticed Natasha
  2905 | D:2      | Killed Natasha
  2925 | D:2      | Found an opulent altar of Gozag.
  2970 | D:2      | Noticed Natasha
  2974 | D:2      | Killed Natasha
  3137 | D:3      | Found a bloodstained altar of Trog.
  3137 | D:3      | Found an iron altar of Okawaru.
  3236 | D:3      | Became a worshipper of Warmaster Okawaru
  3254 | D:3      | Found a white marble altar of Elyvilon.
  3262 | D:3      | Noticed Grinder
  3424 | D:4      | Noticed Ijyb
  3435 | D:4      | Killed Ijyb
  3601 | D:4      | Learned a level 2 spell: Sticks to Snakes
  3785 | D:4      | Reached XP level 7. HP: 24/40 MP: 11/11
  4328 | D:4      | Reached skill level 6 in Maces & Flails
  4561 | D:5      | Entered Level 5 of the Dungeon
  4602 | D:5      | Found a glowing drain.
  4617 | Sewer    | Entered a sewer
  5236 | D:5      | Found Lurimm's Weapon Boutique.
  5401 | D:5      | Reached * piety under Okawaru
  5401 | D:5      | Reached skill level 5 in Armour
  5537 | D:5      | Found a sacrificial altar of Ru.
  5739 | D:5      | Reached XP level 8. HP: 28/45 MP: 12/12
  6205 | D:6      | Found an ancient bone altar of Kikubaaqudgha.
  6216 | D:6      | Reached skill level 7 in Maces & Flails
  6343 | D:6      | Noticed Menkaure
  6404 | D:6      | Reached ** piety under Okawaru
  6437 | D:6      | Found a sand-covered staircase.
  6449 | Ossuary  | Entered an ossuary
  7260 | D:6      | Killed Menkaure
  7260 | D:6      | Reached skill level 8 in Maces & Flails
  7260 | D:6      | Reached XP level 9. HP: 27/52 MP: 13/13
  7762 | D:3      | Killed Grinder
  7897 | D:3      | Found a sacrificial altar of Ru.
  8391 | D:7      | Found a staircase to the Ecumenical Temple.
  8560 | D:7      | Reached *** piety under Okawaru
  8683 | D:7      | Reached skill level 1 in Invocations
  8759 | D:7      | Reached skill level 9 in Maces & Flails
  9909 | D:8      | Reached skill level 1 in Axes
  9913 | D:8      | Reached skill level 5 in Fighting
  9926 | D:8      | Reached XP level 10. HP: 36/59 MP: 14/14
  9998 | D:7      | Reached **** piety under Okawaru
 10401 | D:7      | Upgraded the game from 0.25-a0-435-g4b9beb1 to
                  | 0.25-a0-443-gece2dee
 10438 | D:8      | Identified the +1 great mace "Menat" {vorpal, rN+ Stlth+}
 11634 | D:8      | Reached skill level 5 in Shields
 11771 | D:8      | Reached skill level 5 in Dodging
 12271 | D:9      | Reached skill level 5 in Axes
 12283 | D:9      | Reached ***** piety under Okawaru
 12486 | D:9      | Found a roughly hewn altar of Beogh.
 12486 | D:9      | Found a staircase to the Orcish Mines.
 12858 | D:9      | Received a gift from Okawaru
 13861 | D:9      | Reached XP level 11. HP: 28/64 MP: 15/15
 14137 | D:10     | Entered Level 10 of the Dungeon
 14591 | D:10     | Noticed a two-headed ogre
 14628 | D:9      | Upgraded the game from 0.25-a0-443-gece2dee to
                  | 0.25-a0-447-gff83419
 14665 | Orc:1    | Entered Level 1 of the Orcish Mines
 14679 | Orc:1    | Found Neax's Magic Scroll Emporium.
 14687 | Orc:1    | Bought a scroll of enchant weapon for 82 gold pieces
 14687 | Orc:1    | Bought a scroll of noise for 11 gold pieces
 14690 | Orc:1    | Bought 2 scrolls of identify for 44 gold pieces
 15062 | Orc:1    | Noticed a two-headed ogre
 15559 | D:11     | Found a staircase to the Lair.
 15565 | D:11     | Paralysed by a hornet for 3 turns
 16092 | Lair:1   | Entered Level 1 of the Lair of Beasts
 16565 | D:11     | Reached skill level 5 in Invocations
 16628 | D:11     | Learned a level 1 spell: Animate Skeleton
 16867 | Lair:1   | Received a gift from Okawaru
 17719 | Lair:1   | Found the +8 whip "Snakebite" {curare, rPois}
 18605 | Lair:2   | Found a runed translucent gate.
 18605 | Lair:2   | Found a runed translucent gate.
 18605 | Lair:2   | Found a runed translucent gate.
 18605 | Lair:2   | Noticed Huduibb's ghost (journeyman MiFi)
 18749 | Lair:2   | Reached XP level 12. HP: 71/71 MP: 16/16
 18862 | Lair:2   | Noticed a four-headed hydra
 18878 | Lair:2   | Noticed Sonja
 18884 | Lair:2   | Killed Sonja
 18884 | Lair:2   | Reached skill level 10 in Axes
 19107 | Lair:2   | Killed a four-headed hydra
 19313 | Lair:2   | Got a tattered robe
 19431 | Lair:2   | Noticed a five-headed hydra
 19439 | Lair:2   | Killed a five-headed hydra
 20083 | Lair:1   | Reached ****** piety under Okawaru
 20325 | Lair:1   | Received a gift from Okawaru
 20484 | Lair:2   | Found a staircase to the Swamp.
 20821 | Orc:1    | Killed a two-headed ogre
 20872 | Orc:1    | Bought a scroll of identify for 22 gold pieces
 20872 | Orc:1    | Bought a scroll of identify for 22 gold pieces
 20872 | Orc:1    | Bought a scroll of identify for 22 gold pieces
 20873 | Orc:1    | Identified the +1 robe "Xicleregyo" {rF+ Str-4 Int+2} (You
                  | found it on level 2 of the Lair of Beasts)
 20949 | Orc:1    | Found a roughly hewn altar of Beogh.
 21131 | Orc:2    | Entered Level 2 of the Orcish Mines
 21234 | Orc:2    | Found a flickering gateway to a bazaar.
 21307 | Bazaar   | Entered a bazaar
 21309 | Bazaar   | Found Axaan's General Store.
 21313 | Bazaar   | Found Jupsupruelu's Antique Weapon Boutique.
 21313 | Bazaar   | Found Kiecighe's Book Boutique.
 21314 | Bazaar   | Found Enegol's Weapon Boutique.
 21375 | Bazaar   | Bought a book of the Tempests for 1050 gold pieces
 21385 | Orc:2    | Noticed a two-headed ogre
 21385 | Orc:2    | Noticed a two-headed ogre
 21386 | Orc:2    | Noticed a two-headed ogre
 21389 | Orc:2    | Noticed a two-headed ogre
 21522 | Orc:1    | Bought a scroll of magic mapping for 38 gold pieces
 21522 | Orc:1    | Bought a scroll of magic mapping for 38 gold pieces
 21522 | Orc:1    | Bought a scroll of blinking for 82 gold pieces
 21661 | Orc:2    | Found a bloodstained altar of Trog.
 21704 | Orc:2    | Reached skill level 10 in Maces & Flails
 21909 | Orc:2    | Found a staircase to the Elven Halls.
 22171 | Orc:2    | Killed a two-headed ogre
 22171 | Orc:2    | Reached XP level 13. HP: 69/78 MP: 17/17
 22321 | Orc:2    | Reached skill level 5 in Evocations
 22382 | Orc:2    | Received a gift from Okawaru
 22391 | Orc:2    | Got a crystal flail {god gift}
 22402 | Orc:2    | Reached skill level 11 in Maces & Flails
 22455 | Orc:2    | Found Ugoof's Armour Shop.
 22479 | Orc:2    | Found Pesihic's Distillery.
 23129 | Orc:2    | Received a gift from Okawaru
 23232 | Orc:2    | Found Usiruaha's Distillery.
 23233 | Orc:2    | Found Sohuost's Antique Armour Boutique.
 23241 | Orc:2    | Bought a pair of glowing gloves for 240 gold pieces
 23465 | Orc:2    | Upgraded the game from 0.25-a0-447-gff83419 to
                  | 0.25-a0-448-g1f46b9f
 24462 | Lair:3   | Reached skill level 12 in Maces & Flails
 24713 | Lair:4   | Found a staircase to the Snake Pit.
 26237 | Lair:5   | Reached skill level 10 in Armour
 26289 | Lair:5   | Noticed Urug
 26322 | Lair:5   | Killed Urug
 26466 | Lair:5   | Identified the +2 flail of Objectivity {venom, rElec rF+
                  | rC+ Stlth+} (Okawaru gifted it to you on level 2 of the
                  | Orcish Mines)
 26827 | Lair:5   | Got a brightly glowing ring mail
 26854 | Lair:5   | Reached XP level 14. HP: 56/87 MP: 18/18
 27871 | Lair:6   | Entered Level 6 of the Lair of Beasts
 27959 | Lair:6   | Received a gift from Okawaru
 28277 | Lair:6   | Noticed Nessos
 28287 | Lair:5   | Killed Nessos
 28287 | Lair:5   | Reached skill level 10 in Fighting
 28422 | Lair:5   | Received a gift from Okawaru
 29350 | Lair:6   | Found a staircase to the Slime Pits.
 29803 | Lair:6   | Reached skill level 10 in Dodging
 31066 | Swamp:1  | Entered Level 1 of the Swamp
 31094 | Lair:2   | Received a gift from Okawaru
 31099 | Lair:2   | Got a translucent plate armour {god gift}
 31287 | Lair:2   | Identified the +3 ring mail of Uhoczut {rElec rPois rC-
                  | Dex+2} (You found it on level 5 of the Lair of Beasts)
 31288 | Lair:2   | Identified the +0 plate armour "Deatt" {rElec Dex+2}
                  | (Okawaru gifted it to you on level 2 of the Lair of Beasts)
 31819 | Lair:2   | Reached skill level 13 in Maces & Flails
 31819 | Lair:2   | Reached XP level 15. HP: 84/94 MP: 19/19
 32144 | Swamp:1  | Noticed a thorn hunter
 32176 | Swamp:1  | Killed a thorn hunter
 33415 | Swamp:2  | Noticed Frances
 33736 | Swamp:2  | Killed Frances
 33832 | Swamp:2  | Noticed a tentacled monstrosity
 34077 | Swamp:2  | Received a gift from Okawaru
 34774 | Swamp:2  | Noticed a thorn hunter
 34811 | Swamp:2  | Killed a thorn hunter
 35366 | Swamp:3  | Noticed Aizul
 35402 | Swamp:3  | Killed Aizul
 36223 | Swamp:3  | Engulfed by a cloud of flame

Levels and vault maps discovered:
D:1:      ncdulo_lavacross, layout_loops_ring
D:2:      layout_rooms, lemuel_coloured_pillars_altar, first_ration,
          grunt_qazlal_sundering
D:3:      layout_rooms, chequers_temple_overflow_statue_of_worship,
          elyvilon_altar_4, nicolae_ru_sacrificial_ziggurat, uniq_natasha,
          uniq_grinder
D:4:      layout_basic, uniq_ijyb
D:5:      layout_loops_cross, overflow_temple_1_default, serial_shops,
          nicolae_shop_crystal, gup_sewer_entry_pipe
D:6:      layout_gridville, kiku_gazebo_pond_becter, gup_ossuary_entry_pyramid,
          uniq_menkaure
D:7:      layout_loops_ring, minmay_temple_entry_trees, lemuel_flame_loot_1
D:8:      layout_loops_ring
D:9:      layout_loops_ring, david_orc_5
D:10:     minmay_wavy_crystal, layout_basic
D:11:     layout_basic, david_lair_shrubbed, serial_shops, kennysheep_little_box
Lair:1:   minmay_guarded_unrand_snakebite, layout_chaotic_city,
          infiniplex_staircase_pool_2
Lair:2:   layout_regular_city, palyth_hydra_swamp_entry,
          gammafunk_ghost_necromancy, uniq_sonja
Lair:3:   layout_long_grid
Lair:4:   layout_concentric_octagons, guppyfry_snake_entry_island
Lair:5:   pond_and_an_island_with_a_cottage, layout_cave_pods,
          minmay_lair_oklob_chamber, uniq_urug
Lair:6:   gammafunk_lair_ancient_temple, layout_hall_layers,
          minmay_slime_entry_pillars, st_stairs_11, serial_bayou_pond_a,
          uniq_nessos
Swamp:1:  layout_basic_swamp, evilmike_swamp_ruin_rubble_1, lightli_tree_ring
Swamp:2:  cheibrodos_swamp_monstrosity, layout_basic_swamp,
          evilmike_swamp_ruin_house_2, swamp_pool5, uniq_frances
Swamp:3:  layout_basic_swamp, evilmike_swamp_ruin_house_5,
          infiniplex_staircase_pool, uniq_aizul, uniq_nikola, uniq_bai_suzhen
Orc:1:    layout_diamond_mine, serial_shops, shop, basic_altar
Orc:2:    st_orc_open, layout_caves, serial_shops, bzr_entry_dummy, basic_altar

Skill      XL: |  1  2  3  4  5  6  7  8  9 10 11 12 13 14 15 |
---------------+----------------------------------------------+-----
Maces & Flails | 3 4 5 6 8 9 10 12 13 | 13.3
Armour         | 3 4 5 6 7 8 9 10 11 | 11.6
Dodging        | 1 2 3 4 5 6 7 9 10 11 | 11.3
Fighting       | 2 3 5 6 8 9 11 | 11.6
Shields        | 3 4 5 6 7 8 9 |  9.6
Invocations    | 2 4 5 |  5.0
Axes           | 2 6 9 10 11 | 11.8
Evocations     | 4 5 |  5.0
Spellcasting   | |  2.2
Summonings     | |  1.2

Action                   |  1- 3 |  4- 6 |  7- 9 | 10-12 | 13-15 || total
-------------------------+-------+-------+-------+-------+-------++-------
Melee: Mace              |    63 |    85 |     4 |       |       ||   152
       Kick              |     9 |    17 |   149 |   185 |   457 ||   817
       Peck              |     9 |    18 |    81 |   121 |   329 ||   558
       Whip              |       |       |   458 |   220 |   953 ||  1631
       War axe           |       |       |    36 |   388 |       ||   424
       Broad axe         |       |       |       |       |   131 ||   131
Throw: Boomerang         |    19 |    22 |     6 |       |       ||    47
       Dart              |       |       |    13 |    91 |    17 ||   121
 Cast: Sticks to Snakes  |       |       |       |     9 |       ||     9
       Animate Skeleton  |       |       |       |    20 |       ||    20
Invok: Heroism           |       |       |     1 |       |     6 ||     7
       Finesse           |       |       |       |       |     2 ||     2
 Abil: Fly               |       |       |     1 |       |       ||     1
Evoke: Wand              |       |     7 |     6 |    23 |     5 ||    41
       Lamp of fire      |       |       |       |       |     2 ||     2
  Use: Potion            |     1 |     4 |     3 |     3 |     8 ||    19
       Scroll            |       |     8 |    22 |    17 |    18 ||    65
  Eat: Chunk             |     2 |     7 |    18 |    28 |    32 ||    87
       Ration            |       |       |     1 |     3 |     3 ||     7
Armor: Ring mail         |    27 |    28 |    81 |   107 |   126 ||   369
       Chain mail        |       |       |       |       |    57 ||    57
Dodge: Dodged            |    51 |    55 |   229 |   444 |   574 ||  1353
Block: Buckler           |       |       |    51 |   113 |   236 ||   400

Table legend:
 A = Non-vault XP
 B = Vault XP
 C = Vault XP percentage of total XP
 D = Non-vault monster count
 E = Vault monster count
 F = Vault count percentage of total count
                 A         B        C        D         E       F
            +---------+---------+-------+---------+---------+-------
      Total |   71401 |   43204 |  37.7 |     489 |     173 |  26.1
            +---------+---------+-------+---------+---------+-------
        D:1 |      39 |       0 |   0.0 |      19 |       0 |   0.0
        D:2 |     171 |      36 |  17.4 |      29 |       1 |   3.3
        D:3 |     182 |     295 |  61.8 |      20 |       1 |   4.8
        D:4 |     360 |      36 |   9.1 |      25 |       1 |   3.8
        D:5 |     387 |      15 |   3.7 |      14 |       7 |  33.3
        D:6 |     807 |     188 |  18.9 |      22 |       2 |   8.3
        D:7 |    1821 |       0 |   0.0 |      39 |       0 |   0.0
        D:8 |    2134 |       0 |   0.0 |      32 |       0 |   0.0
        D:9 |    2064 |     508 |  19.8 |      31 |      22 |  41.5
       D:10 |     487 |      41 |   7.8 |       9 |       1 |  10.0
       D:11 |     937 |     361 |  27.8 |      11 |       1 |   8.3
     Lair:1 |    6576 |    1805 |  21.5 |      37 |      14 |  27.5
     Lair:2 |    4445 |    3155 |  41.5 |      18 |       7 |  28.0
     Lair:3 |    2139 |       0 |   0.0 |       9 |       0 |   0.0
     Lair:4 |    1852 |     172 |   8.5 |       7 |       1 |  12.5
     Lair:5 |    6539 |    4829 |  42.5 |      32 |      10 |  23.8
     Lair:6 |    9157 |   11778 |  56.3 |      25 |      32 |  56.1
    Swamp:1 |   11351 |       0 |   0.0 |      23 |       0 |   0.0
    Swamp:2 |   11368 |    2377 |  17.3 |      32 |       1 |   3.0
    Swamp:3 |    4568 |    1654 |  26.6 |      12 |       1 |   7.7
      Orc:1 |    2029 |    1857 |  47.8 |      12 |       7 |  36.8
      Orc:2 |    1988 |   13893 |  87.5 |      31 |      30 |  49.2
      Sewer |       0 |      68 | 100.0 |       0 |      23 | 100.0
    Ossuary |       0 |     136 | 100.0 |       0 |      11 | 100.0
            +---------+---------+-------+---------+---------+-------
